 Dungeon Crawl Stone Soup version 0.28-a0-843-gb979743d38 (webtiles) character file.

Game seed: 4724492572568226147

14861 BinkBink the Carver (level 11, -11/97 HPs)
             Began as a Pale Draconian Fighter on Nov 11, 2021.
             Was a Priest of Yredelemnul.
             Mangled by a bunyip (shapeshifter) (20 damage)
             ... on level 10 of the Dungeon on Nov 12, 2021.
             The game lasted 01:05:21 (14649 turns).

BinkBink the Carver (Pale Draconian Fighter)       Turns: 14649, Time: 01:05:22

Health: -11/97     AC:  7    Str: 19    XL:     11   Next: 94%
Magic:  12/12      EV: 22    Int: 14    God:    Yredelemnul [***...]
Gold:   409        SH:  7    Dex: 20    Spells: 10/12 levels left

rFire   . . .      SeeInvis .   a - +0 rapier
rCold   . . .      Faith    .   b - +0 buckler
rNeg    . . .      Spirit   .   (armour unavailable)
rPois   .          Reflect  .   (helmet restricted)
rElec   .          Harm     .   (no cloak)
rCorr   +          Rampage  .   (no gloves)
Will    +....                   (no boots)
Stlth   ++........              (no amulet)
HPRegen 0.26/turn               m - +4 ring of evasion
MPRegen 0.13/turn               y - ring "Xiyff" {Will+ rCorr Int+6 Dex+6}

@: studying Polearms
A: breathe steam, AC +7, unfitting armour, cold-blooded, steam resistance
a: Breathe Steam, Renounce Religion, Recall Undead Slaves, Injury Mirror,
Animate Dead


You were on level 10 of the Dungeon.
You worshipped Yredelemnul.
Yredelemnul was most pleased with you.
You visited 2 branches of the dungeon, and saw 12 of its levels.
You also visited: Sewer.

You collected 625 gold pieces.
You spent 216 gold pieces at shops.

Inventory:

Hand Weapons
 a - a +0 rapier (weapon)
 k - a +4 scimitar
 t - a +0 vorpal falchion
Missiles
 B - 3 throwing nets (quivered)
Armour
 b - a +0 buckler (worn)
Magical Staves
 p - a staff of death
Jewellery
 m - a +4 ring of evasion (left hand)
 v - a ring of willpower
 y - the ring "Xiyff" (right hand) {Will+ rCorr Int+6 Dex+6}
   (You found it on level 6 of the Dungeon)

   [ring of dexterity]

   Int:       It affects your intelligence (+6).
   Dex:       It affects your dexterity (+6).
   rCorr:     It protects you from acid and corrosion.
   Will:      It increases your willpower.
 H - a ring of protection from cold
 I - a ring of flight
 M - an amulet of magic regeneration
 O - a ring of poison resistance
 P - a ring of protection from fire
Wands
 l - a wand of paralysis (9)
 L - a wand of flame (14)
Scrolls
 d - 3 scrolls of teleportation
 f - a scroll of enchant weapon
 i - 2 scrolls of fog
 o - 2 scrolls of enchant armour
 q - 2 scrolls of holy word
 r - 2 scrolls of brand weapon {unknown}
 s - 3 scrolls of immolation
 u - a scroll of blinking
 w - a scroll of noise
 x - a scroll of fear {unknown}
 C - 2 scrolls of vulnerability {unknown}
 D - a scroll of torment {unknown}
 E - a scroll of amnesia
 F - a scroll of magic mapping {unknown}
 N - 2 scrolls of identify
Potions
 c - 3 potions of might
 e - a potion of berserk rage
 g - 3 potions of curing
 h - 4 potions of degeneration
 j - 2 potions of lignification
 n - 2 potions of cancellation {unknown}
 z - 3 potions of brilliance {unknown}
 A - 2 potions of resistance {unknown}
 G - 2 potions of heal wounds {unknown}
 J - a potion of invisibility {unknown}
 K - a potion of attraction {unknown}


   Skills:
 * Level 9.4 Fighting
 - Level 5.0(9.2) Short Blades
 * Level 11.9(12.3) Long Blades
 - Level 3.2 Polearms
 * Level 8.3 Dodging
 - Level 0.3 Stealth
 * Level 7.4 Shields
 * Level 1.2 Spellcasting
 * Level 4.6 Necromancy
 * Level 1.5 Fire Magic


You had 10 spell levels left.
You knew the following spells:

 Your Spells              Type           Power      Damage    Failure   Level
a - Scorch                Fire           10%        2d6       21%         2

Your spell library contained the following spells:

 Spells                   Type           Power      Damage    Failure   Level
 Animate Skeleton         Necr           28%        N/A       3%          1
 Pain                     Necr           56%        1d6       3%          1
 Sublimation of Blood     Necr           14%        N/A       5%          2
 Vampiric Draining        Necr           14%        2d7       11%         3
 Sandblast                Erth           0%         2d4       26%         1
 Sting                    Tmut/Pois      0%         1d3       26%         1
 Summon Small Mammal      Summ           0%         N/A       26%         1
 Ensorcelled Hibernation  Hex/Ice        0%         N/A       36%         2
 Poisonous Vapours        Pois/Air       0%         N/A       36%         2
 Conjure Flame            Conj/Fire      3%         6-21      50%         3
 Ignite Poison            Fire/Tmut/Pois 2%         N/A       52%         3
 Call Canine Familiar     Summ           0%         N/A       61%         3
 Gell's Gravitas          Tloc           0%         N/A       61%         3
 Spider Form              Tmut/Pois      0%         N/A       61%         3
 Summon Guardian Golem    Hex/Summ       0%         N/A       61%         3
 Flame Wave               Conj/Fire      3%         3d3       88%         4
 Sticky Flame             Conj/Fire      3%         2d3       88%         4
 Fulminant Prism          Conj/Hex       0%         3d6       95%         4
 Iskenderun's Mystic Bla  Conj/Tloc      0%         2d3       95%         4
 Olgreb's Toxic Radiance  Pois           0%         N/A       95%         4
 Petrify                  Tmut/Erth      0%         N/A       95%         4
 Irradiate                Conj/Tmut      0%         3d13      100%        5
 Lee's Rapid Deconstruct  Erth           0%         3d5*      100%        5
 Summon Forest            Summ/Tloc      0%         N/A       100%        5
 Summon Mana Viper        Hex/Summ       0%         N/A       100%        5
 Statue Form              Tmut/Erth      0%         N/A       100%        6
 Summon Cactus Giant      Summ           0%         N/A       100%        6


Dungeon Overview and Level Annotations

Branches:
Dungeon (11/15)            Temple (1/1) D:7            Lair (0/6) D:11
  Sewer (visited)
    Orc: D:9-12

Altars:
Ashenzari
Cheibriados
Dithmenos
Elyvilon
Fedhas
Gozag
Hepliaklqana
Kikubaaqudgha
Makhleb
Nemelex Xobeh
Okawaru
Qazlal
Ru
Sif Muna
Trog
Uskayaw
Vehumet
Wu Jian
Xom
Yredelemnul
Zin
The Shining One

Shops:
D:7 (?

Annotations:
D:6 1 runed translucent door, exclusion: statue, Crazy Yiuf
D:11 Nergalle, Sonja


Innate Abilities, Weirdness & Mutations

You can breathe blasts of scalding, opaque steam.
Your pale cyan-grey scales are hard. (AC +7)
You cannot fit into any form of body armour.
You are cold-blooded and may be slowed by cold attacks.
You are immune to the effects of steam.


Message History

You exhale a blast of scalding steam.
You hear a hideous shriek!
There is a stone staircase leading down here.
The bunyip gives a hideous shriek!
There is an open door here.
There is an open door here.
You have got your breath back.
Press: ? - help, Shift-Dir - straight line, f/p - bunyip
Aim: a bunyip (lightly wounded)
You exhale a blast of scalding steam.
The ball of steam hits the bunyip!
The bunyip is moderately wounded.
The bunyip is engulfed in a cloud of scalding steam.
The bunyip completely misses you. x3
You closely miss the bunyip.
The bunyip is moderately wounded.
You hit the bunyip but do no damage.
The bunyip is moderately wounded.
You hit the bunyip.
Your tail-slap misses the bunyip.
The bunyip is moderately wounded.
You block the bunyip's attack. The bunyip closely misses you.
The bunyip claws you.
You have got your breath back.
Press: ? - help, Shift-Dir - straight line, f/p - bunyip
Aim: a bunyip (moderately wounded)
You exhale a blast of scalding steam.
The ball of steam hits the bunyip.
The bunyip is heavily wounded.
The bunyip is engulfed in a cloud of scalding steam.
You barely miss the bunyip. You tail-slap the bunyip.
The bunyip is heavily wounded.
The bunyip claws you!! The bunyip closely misses you. The bunyip claws you!!!
* * * LOW HITPOINT WARNING * * *
Unknown command.
There is an open door here.
You have got your breath back.
The bunyip claws you but does no damage.
The bunyip claws you!!
* * * LOW HITPOINT WARNING * * *
The bunyip claws you!!
You die...
Your body rises from the dead as a mindless zombie.

######..##≈≈).[≈≈#.#...#
########'####..#.## ##.....#
##.#.# #.....§# #.#.#
#......#####.#.#
#......#.....#.### ###
#......#.#####...#
..######.....x#.#####.#.#
....[.##......#.@x.####.#
......####....####.#.>..######
......# #....'....#.........#
....### #....#########..###.#
....###########......)...# #.#
.............##.########.###.#
.............##.# #.....#
##...........##.# #######
.............##.#


You could see a bunyip.

Vanquished Creatures
  A boulder beetle (D:10)
  2 hydras
  A two-headed ogre (D:10)
  2 tengu warriors
  A wizard (D:10)
  2 cyclopes
  3 ugly things
  A kobold demonologist (D:10)
  2 trolls
  2 hornets (D:9)
  3 slime creatures
  2 shadows (D:9)
  A wyvern (D:8)
  A yak (D:11)
  2 steam dragons
  2 acid dragons
  5 water moccasins
  8 orc warriors
  An ice beast (D:6)
  3 black bears
  A necrophage (D:5)
  2 ogres (D:5)
  4 centaurs
  3 kobold brigands (D:10)
  5 bullfrogs
  2 gnoll sergeants
  4 scorpions
  A water moccasin zombie (D:5)
  A wyvern skeleton (D:6)
  A water moccasin skeleton (D:5)
  16 killer bees
  4 wights (D:7)
  7 howler monkeys
  8 centaur zombies
  4 hounds
  A bullfrog skeleton (D:5)
  A gnoll shaman (D:9)
  An orc priest (D:9)
  Jessica (D:3)
  Natasha (twice) (D:2)
  10 orc wizards
  A killer bee zombie (D:6)
  Robin (D:4)
  2 howler monkey zombies
  17 gnolls
  A howler monkey skeleton (D:6)
  13 adders
  A shadow imp (D:6)
  6 worms
  2 dart slugs (D:1)
  33 orcs
  7 ball pythons
  2 bats
  2 bat skeletons (D:6)
  2 bat zombies (D:6)
  6 endoplasms
  8 giant cockroaches
  15 goblins
  10 hobgoblins
  9 kobolds
  4 quokkas
  8 frilled lizards
  5 rats
279 creatures vanquished.

Vanquished Creatures (others)
  31 fungi (D:11)
  30 plants
61 creatures vanquished.

Grand Total: 340 creatures vanquished

Notes
Turn   | Place    | Note
-------+----------+-------------------------------------------
     0 | D:1      | BinkBink the Draconian Fighter began the quest for the Orb.
     0 | D:1      | Reached XP level 1. HP: 19/19 MP: 1/1
   193 | D:1      | Noticed a shining eye
   242 | D:1      | Reached XP level 2. HP: 22/26 MP: 2/2
   383 | D:1      | Found a faded altar of an unknown god.
   383 | D:1      | Noticed a great orb of eyes
   405 | D:1      | Noticed a shining eye
   405 | D:1      | Noticed a golden eye
   557 | D:1      | You fall into a shaft and drop 1 floor!
   782 | D:2      | Reached XP level 3. HP: 27/33 MP: 3/3
   997 | D:2      | Noticed Natasha
  1007 | D:2      | Killed Natasha
  1482 | D:2      | Noticed Natasha
  1491 | D:2      | Killed Natasha
  1492 | D:2      | Reached XP level 4. HP: 33/40 MP: 4/4
  2423 | D:3      | Found a glowing drain.
  2434 | Sewer    | Entered a sewer
  2511 | Sewer    | Reached XP level 5. HP: 37/46 MP: 5/5
  3188 | D:3      | Reached XP level 6. HP: 53/53 MP: 6/6
  3207 | D:3      | Noticed Jessica
  3212 | D:3      | Killed Jessica
  3337 | D:3      | Found an opulent altar of Gozag.
  4194 | D:4      | Noticed Robin
  4220 | D:4      | Reached skill level 5 in Short Blades
  4231 | D:4      | Killed Robin
  4668 | D:4      | Reached skill level 1 in Long Blades
  4668 | D:4      | Your scales start taking on a pale cyan-grey colour.
  4668 | D:4      | Reached XP level 7. HP: 46/60 MP: 7/7
  4668 | D:4      | Gained mutation: You are immune to the effects of steam.
                  | [Pale Draconian growth]
  5003 | D:5      | Entered Level 5 of the Dungeon
  5049 | D:5      | Reached skill level 5 in Fighting
  5065 | D:5      | Reached skill level 2 in Long Blades
  5270 | D:5      | Reached skill level 3 in Long Blades
  5270 | D:5      | Found an ornate altar of the Wu Jian Council.
  5443 | D:5      | Reached XP level 8. HP: 69/69 MP: 8/8
  5602 | D:5      | Reached skill level 4 in Long Blades
  5608 | D:5      | Reached skill level 5 in Dodging
  5608 | D:5      | Reached skill level 5 in Shields
  6109 | D:6      | Found a radiant altar of Vehumet.
  6267 | D:6      | Reached skill level 5 in Long Blades
  6271 | D:6      | Got Ahifewo's Tome of the Traveller and Earth
  6542 | D:6      | Identified the ring "Xiyff" {Will+ rCorr Int+6 Dex+6}
  6653 | D:6      | Found an ancient bone altar of Kikubaaqudgha.
  6777 | D:6      | Found a runed translucent door.
  6778 | D:6      | Noticed Crazy Yiuf
  7150 | D:7      | Found a staircase to the Ecumenical Temple.
  7167 | D:7      | Reached skill level 6 in Long Blades
  7186 | D:7      | Reached XP level 9. HP: 78/78 MP: 9/9
  7352 | D:7      | Reached skill level 1 in Polearms
  7622 | D:7      | Found Ceatet's Hydra Hut.
  7624 | D:7      | Noticed a six-headed hydra
  7778 | D:7      | Reached skill level 7 in Long Blades
  7782 | D:7      | Found Xoinniv's Magic Scroll Boutique.
  7791 | D:7      | Bought a scroll of identify for 32 gold pieces
  7791 | D:7      | Bought a scroll of identify for 32 gold pieces
  7791 | D:7      | Bought a scroll of identify for 32 gold pieces
  7791 | D:7      | Bought a scroll of identify for 32 gold pieces
  7795 | D:7      | Bought a scroll of fog for 32 gold pieces
  7795 | D:7      | Bought a scroll of amnesia for 56 gold pieces
  7874 | D:7      | Found a sparkling altar of Nemelex Xobeh.
  8230 | Temple   | Entered the Ecumenical Temple
  8366 | Temple   | Became a worshipper of Yredelemnul the Dark
  8514 | D:7      | Reached skill level 1 in Necromancy
  8830 | D:8      | Noticed a seven-headed hydra
  8901 | D:8      | Killed a seven-headed hydra
  8902 | D:8      | Reached skill level 8 in Long Blades
  9073 | D:8      | Reached XP level 10. HP: 79/86 MP: 10/10
  9392 | D:8      | Found a hide-covered altar of Uskayaw.
  9859 | D:9      | Reached skill level 9 in Long Blades
 10016 | D:9      | Found a broken altar of Ashenzari.
 10038 | D:9      | Reached * piety under Yredelemnul
 10798 | D:10     | Entered Level 10 of the Dungeon
 10810 | D:10     | Reached skill level 10 in Long Blades
 10962 | D:10     | Noticed a two-headed ogre
 10987 | D:10     | Killed a two-headed ogre
 11168 | D:10     | Reached ** piety under Yredelemnul
 11213 | D:10     | Noticed a cyclops
 11213 | D:10     | Noticed a boulder beetle
 11213 | D:10     | Noticed a wizard
 11213 | D:10     | Noticed a tengu warrior
 11213 | D:10     | Noticed a tengu warrior
 11266 | D:9      | Killed a tengu warrior
 11267 | D:9      | Reached XP level 11. HP: 61/94 MP: 11/11
 11461 | D:10     | Noticed a white ugly thing
 11474 | D:10     | Killed a wizard
 11503 | D:10     | Killed a tengu warrior
 11675 | D:10     | Found an ancient bone altar of Kikubaaqudgha.
 11686 | D:10     | Noticed a brown ugly thing
 11704 | D:10     | Killed a white ugly thing
 11705 | D:10     | Reached skill level 11 in Long Blades
 11721 | D:10     | Killed a brown ugly thing
 11762 | D:10     | Found a white marble altar of Elyvilon.
 11926 | D:10     | Killed a boulder beetle
 12121 | D:10     | Found a glowing golden altar of the Shining One.
 12121 | D:10     | Found a shimmering altar of Xom.
 12343 | D:10     | Identified the +4 chain mail of Fack {+Inv rCorr Slay+4}
 12737 | D:11     | Noticed a red ugly thing
 12737 | D:11     | Found a staircase to the Lair.
 12743 | D:10     | Learned a level 2 spell: Scorch
 12744 | D:11     | Noticed a six-headed hydra
 12766 | D:10     | Noticed a boulder beetle
 12766 | D:10     | a slime creature changed into a boulder beetle
 13598 | D:11     | Noticed Sonja
 13798 | D:10     | Noticed a fire dragon
 13867 | D:11     | Noticed a purple ugly thing
 13907 | D:11     | Reached *** piety under Yredelemnul
 13934 | D:11     | Killed a purple ugly thing
 13935 | D:11     | Reached skill level 1 in Fire Magic
 14031 | D:11     | Reached skill level 1 in Spellcasting
 14086 | D:11     | Noticed Nergalle
 14479 | D:10     | Killed a six-headed hydra
 14614 | D:10     | Noticed a bunyip
 14649 | D:10     | Mangled by a bunyip (shapeshifter)

Illustrated notes

Levels and vault maps discovered:
D:1:      evilmike_arrival_fibonacci_small, layout_basic,
          hellmonk_ecumenical_altar_watching_god
D:2:      kennysheep_big_flooded_room, layout_basic, uniq_natasha
D:3:      layout_basic, mainiacjoe_overflow_small_starburst,
          cheibrodos_sewer_entry_bend, st_stairs_12, kennysheep_generic_room_16,
          uniq_jessica
D:4:      black_bear_nest_2, layout_loops_ring, uniq_robin
D:5:      layout_rooms, lemuel_coloured_pillars_altar,
          small_statue_intersection, minmay_misc_feat_enclosed,
          kennysheep_minor_cross, minmay_manual_mess
D:6:      layout_loops_cross, kennysheep_vampire_church, vehumet_statue,
          nicolae_benzene_ring, uniq_crazy_yiuf_cottage
D:7:      layout_cave_pods, old_standard_altar,
          minmay_temple_entry_statues_pillars, serial_shops, shop,
          doesnt_shop_hydraphobe
D:8:      layout_basic, nicolae_uskayaw_dance_hall, kennysheep_generic_room_12
D:9:      layout_basic, amcnicky_altar_gilded
D:10:     minmay_the_grid_octo_triangle [minmay_the_grid_octo_checkerflower,
          minmay_the_grid_octo_prize_star, minmay_the_grid_octo_shrine],
          layout_basic, kennysheep_generic_room_8
D:11:     layout_cave_pools, due_lair_maze_entry_diamond,
          gammafunk_ghost_wrathful_warriors, enter_bailey_7, uniq_sonja,
          uniq_nergalle
Temple:   eino_wide_crystal_templ

Skill      XL: |  1  2  3  4  5  6  7  8  9 10 11 |
---------------+----------------------------------+-----
Short Blades   | 3 4 5 |  5.0
Dodging        | 3 4 5 6 7 8 |  8.3
Fighting       | 4 5 6 7 8 9 |  9.4
Shields        | 4 5 6 7 |  7.4
Long Blades    | 1 3 6 8 10 11 | 11.9
Polearms       | 3 |  3.2
Necromancy     | 1 3 4 |  4.6
Fire Magic     | 1 |  1.5
Spellcasting   | 1 |  1.2
Stealth        | |  0.3

Action                   |  1- 3 |  4- 6 |  7- 9 | 10-12 || total
-------------------------+-------+-------+-------+-------++-------
Melee: Rapier            |   108 |   257 |       |    31 ||   396
       Tailslap          |     8 |    34 |    24 |    39 ||   105
       Falchion          |       |    21 |    88 |       ||   109
       Scimitar          |       |       |    51 |   168 ||   219
 Abil: Breathe Steam     |       |       |    52 |   107 ||   159
  Use: Scroll            |       |       |     9 |     2 ||    11
       Potion            |       |       |     3 |       ||     3
 Stab: Sleeping          |       |     2 |       |     1 ||     3
Armor: Skin              |    23 |    55 |    20 |    42 ||   140
Dodge: Dodged            |    38 |   218 |   118 |   199 ||   573
Block: Buckler           |    20 |    66 |    32 |    81 ||   199

Table legend: (Time is in decaauts)
 A = Elapsed time spent in this place.
 B = Non-inter-level travel time spent in this place.
 C = Inter-level travel time spent in this place.
 D = Time resting spent in this place.
 E = Time spent auto-exploring this place.
 F = Levels seen in this place.
 G = Mean time per level.
                   A        B        C        D        E       F      G
               +--------+--------+--------+--------+--------+-----+--------+
         Total |  14737 |  13362 |   1375 |      0 |  10333 |  13 | 1133.6 |
       Dungeon |  14033 |  12801 |   1232 |      0 |  10004 |  11 | 1275.7 |
        Temple |    145 |      2 |    143 |      0 |      0 |   1 |  145.0 |
         Sewer |    558 |    558 |      0 |      0 |    328 |   1 |  558.0 |
               +--------+--------+--------+--------+--------+-----+--------+

Top non-repeatable levels by time:
    D:10: 2126 daAuts
     D:7: 1739 daAuts
     D:9: 1708 daAuts
     D:2: 1482 daAuts
     D:8: 1350 daAuts
     D:3: 1275 daAuts
     D:6: 1182 daAuts
     D:4: 1180 daAuts
     D:5: 939 daAuts
     D:1: 756 daAuts
   Sewer: 558 daAuts
    D:11: 291 daAuts
  Temple: 145 daAuts
